 Dungeon Crawl Stone Soup version 0.26.1-11-gd32895ea62 (webtiles) character file.

Game seed: 8362447802509801479

126 porpoise the Skirmisher (level 5, -2/36 HPs)
             Began as a Halfling Wanderer on July 19, 2021.
             Slain by a hobgoblin (5 damage)
             ... led by Robin
             ... on level 2 of the Dungeon.
             The game lasted 00:09:49 (2790 turns).

porpoise the Skirmisher (Halfling Wanderer)         Turns: 2790, Time: 00:09:50

Health: -2/36      AC: 12    Str: 16    XL:     5   Next: 31%
Magic:  7/7        EV: 11    Int: 17    God:
Gold:   54         SH:  0    Dex: 17    Spells: 6/7 levels left

rFire    . . .     SeeInvis .   a - +0 short sword
rCold    . . .     Faith    .   (shield restricted)
rNeg     . . .     Spirit   .   d - +2 scale mail
rPois    .         Reflect  .   j - +0 helmet
rElec    .         Harm     .   u - +0 cloak
rCorr    .         Rampage  .   A - +0 pair of gloves
Will     .....                  n - +0 pair of boots
Stlth    +.........             (no amulet)
HPRegen  0.12/turn              c - +6 ring of dexterity
MPRegen  0.10/turn              m - +6 ring of intelligence

@: hasted, very quick
A: small, mutation resistance 1
a: no special abilities


You were on level 2 of the Dungeon.
You visited 1 branch of the dungeon, and saw 4 of its levels.

You collected 54 gold pieces.

Inventory:

Hand Weapons
 a - a +0 short sword (weapon)
Missiles
 g - 47 sling bullets
 h - 53 bolts
 o - 14 poisoned darts (quivered)
 q - 105 stones
 t - 54 arrows
 C - a throwing net
Armour
 d - a +2 scale mail (worn)
 j - a +0 helmet (worn)
 n - a +0 pair of boots (worn)
 u - a +0 cloak (worn)
 A - a +0 pair of gloves (worn)
Jewellery
 c - a +6 ring of dexterity (left hand)
 i - an uncursed ring of see invisible
 m - a +6 ring of intelligence (right hand)
Wands
 f - a wand of polymorph (1)
Scrolls
 b - a scroll of teleportation
 p - a scroll of magic mapping {unknown}
 v - 2 scrolls of blinking {unknown}
 w - a scroll of amnesia {unknown}
 x - a scroll of fear {unknown}
 y - a scroll of immolation {unknown}
Potions
 e - 2 potions of ambrosia
 k - a potion of haste
 l - a potion of heal wounds {unknown}
 r - a potion of curing
 s - a potion of flight {unknown}
 z - a potion of magic {unknown}
 B - a potion of lignification {unknown}


   Skills:
 + Level 3.5 Fighting
 + Level 2.4 Short Blades
 - Level 1.1 Bows
 - Level 2.1 Armour
 - Level 1.1 Stealth
 - Level 1.5 Spellcasting
 - Level 1.0 Air Magic
 - Level 2.0 Poison Magic
 - Level 1.0 Evocations


You had 6 spell levels left.
You knew the following spells:

 Your Spells              Type           Power        Failure   Level
a - Sting                 Tmut/Pois      16%          45%         1

Your spell library contained the following spells:

 Spells                   Type           Power        Failure   Level
 Ignite Poison            Fire/Tmut/Pois 3%           86%         3


Dungeon Overview and Level Annotations

Branches:
Dungeon (4/15)
 Temple: D:4-7

Altars:
Qazlal


Innate Abilities, Weirdness & Mutations

You are small and have problems with some larger weapons.
You are somewhat resistant to further mutation.


Message History

You closely miss Robin.
Robin is severely wounded.
You completely miss Robin.
Robin is severely wounded.
Robin hits you but does no damage. The goblin hits you but does no damage.
You hit Robin.
Robin is severely wounded.
Robin hits you but does no damage. The goblin barely misses you.
You hit Robin.
Robin is almost dead.
You hit Robin but do no damage.
Robin is almost dead.
Robin hits you but does no damage. The goblin hits you with a +0 dagger.
* * * LOW HITPOINT WARNING * * *
You hit Robin.
You kill Robin!
You closely miss the goblin. The goblin hits you with a +0 dagger!
* * * LOW HITPOINT WARNING * * *
The hobgoblin hits you.
You die...

# #.# #.#.....
# #.# ######.#
###############
#.# #.#
..............#
#.. #.#
#############.#
### #.# # #.# #
# #.#
#.########.#
#..g@g.....#
############


You could see a hobgoblin (strong) and a goblin (strong).

Vanquished Creatures
  Ijyb (D:3)
  Robin (D:2)
  An adder (D:2)
  2 oozes
  A worm (D:2)
  4 dart slugs
  2 leopard geckos
  A ball python (D:4)
  10 bats
  A giant cockroach (D:3)
  10 goblins
  6 hobgoblins
  2 jackals (D:1)
  3 kobolds
  4 frilled lizards
  12 rats
61 creatures vanquished.

Vanquished Creatures (others)
  9 plants (D:1)
9 creatures vanquished.

Grand Total: 70 creatures vanquished

Notes
Turn   | Place    | Note
-------+----------+-------------------------------------------
     0 | D:1      | porpoise the Halfling Wanderer began the quest for the Orb.
     0 | D:1      | porpoise set off with the following items: a +0 club, a
                  | scroll of teleportation, a +2 scale mail; and the following
                  | spell memorised: Sting; and the following spells available
                  | to memorise: Ignite Poison
     0 | D:1      | Reached XP level 1. HP: 11/11 MP: 3/3
    60 | D:1      | Reached skill level 1 in Fighting
    68 | D:1      | Reached XP level 2. HP: 17/18 MP: 4/4
   338 | D:1      | Reached skill level 2 in Fighting
   408 | D:1      | Reached XP level 3. HP: 24/24 MP: 5/5
  1197 | D:2      | Found a stormy altar of Qazlal.
  1314 | D:2      | Reached XP level 4. HP: 30/30 MP: 6/6
  1521 | D:2      | You fall into a shaft and drop 2 floors!
  1543 | D:4      | Reached skill level 3 in Fighting
  1957 | D:3      | Noticed Ijyb
  1972 | D:3      | Killed Ijyb
  1973 | D:3      | Reached skill level 1 in Short Blades
  2239 | D:2      | Reached XP level 5. HP: 36/36 MP: 7/7
  2753 | D:2      | Noticed Robin
  2789 | D:2      | Killed Robin
  2790 | D:2      | Slain by a hobgoblin

Illustrated notes

Levels and vault maps discovered:
D:1:      roderic_chinese_lattice_arrival, layout_loops_ring,
          serial_bayou_ford_a, minmay_small_reverse_x
D:2:      layout_basic, old_standard_altar, uniq_robin
D:3:      layout_basic, grunt_temple_overflow_open, uniq_ijyb
D:4:      layout_basic, serial_shops, nicolae_shop_stone, uniq_grinder

Skill      XL: |  1  2  3  4 |
---------------+-------------+-----
Fighting       | 1 2 3 |  3.5
Short Blades   | 2 |  2.4
Bows           | |  1.1
Armour         | |  2.1
Stealth        | |  1.1
Spellcasting   | |  1.5
Air Magic      | |  1.0
Poison Magic   | |  2.0
Evocations     | |  1.0

Action                   |  1- 3 |  4- 6 || total
-------------------------+-------+-------++-------
Melee: Unarmed           |    31 |     5 ||    36
       Whip              |    48 |       ||    48
       Dagger            |    21 |       ||    21
       Short sword       |    56 |   104 ||   160
Throw: Dart              |     7 |     4 ||    11
  Use: Scroll            |       |     6 ||     6
       Potion            |       |     2 ||     2
Armor: Scale mail        |    62 |    33 ||    95
Dodge: Dodged            |    88 |    62 ||   150
